AoeStats
← 白鹿城拉车车

Arena

504453773Analyzed
4v4 RM · 26d ago on Sep 5, 2026· 43m 41s· 8 players
Game mode
Random Map
Map size
Large (8 player)
Population
200
Speed
Normal
Resources
Standard
Victory
Conquest
Starting age
Dark Age
Ending age
Imperial Age
RankedLock teamsTeams togetherTeam positionsShared explorationLock speedFull tech treeHidden civsTurbo modeCheats
Victory
Defeat
🇭🇰 Sicilians · Hong Kong SAR China
1368
+16
🇦🇺 Teutons · Australia
1355
+17
🇨🇳 Khmer · China
1350
+17
🇨🇳 Slavs · China
1342
+17
🇭🇰 Shu · Hong Kong SAR China
1427
-20
🇫🇷 Slavs · France
1354
-16
🇭🇰 Romans · Hong Kong SAR China
1353
-16
🇩🇪 Georgians · Germany
1334
-15
dnlmh
11:12 Feudal Age
14:58 Castle Age
12:45 Double-Bit Axe
13:11 Horse Collar
15:53 Bow Saw
15:40 Loom
18:20 Town Watch
20:45 Scale Mail Armor
25:48 Wheelbarrow
27:08 Chain Mail Armor
28:07 Heavy Plow
29:42 Forging
32:34 Heavy Plow
36:17 Iron Casting
37:08 Squires
37:29 First Crusade
40:32 Imperial Age
38:42 Hand Cart
38:30 Arson
38:46 Gold Mining
38:47 Stone Mining
40:22 Stone Shaft Mining
40:23 Gold Shaft Mining
41:46 Crop Rotation
40:57 Elite Serjeant
42:39 Plate Mail Armor
44:04 Blast Furnace
43:56 Conscription
DGKR5507
10:35 Feudal Age
11:06 Loom
14:38 Castle Age
13:01 Horse Collar
13:36 Double-Bit Axe
17:34 Bow Saw
24:55 Scale Barding Armor
27:43 Imperial Age
25:20 Stone Mining
25:42 Forging
27:01 Chain Barding Armor
27:23 Wheelbarrow
26:41 Gold Mining
28:10 Iron Casting
29:13 Plate Barding Armor
29:00 Conscription
29:35 Hand Cart
29:46 Elite Ballista Elephant
31:30 Double Crossbow
32:01 Ballistics
33:54 Blast Furnace
33:56 Chemistry
33:02 Heavy Plow
32:53 Capped Ram
36:16 Siege Ram
38:25 Caravan
38:56 Town Watch
A2PL Okr010
10:21 Feudal Age
14:19 Castle Age
12:11 Double-Bit Axe
12:30 Horse Collar
15:45 Bow Saw
16:14 Heavy Plow
23:08 Gold Mining
25:21 Wheelbarrow
28:37 Imperial Age
26:41 Hand Cart
26:12 Loom
26:57 Forging
26:53 Scale Barding Armor
27:51 Bloodlines
28:43 Chain Barding Armor
28:59 Iron Casting
28:41 Cavalier
30:17 Plate Barding Armor
30:44 Two-Man Saw
30:15 Crop Rotation
29:36 Stone Mining
30:14 Paladin
33:09 Blast Furnace
32:12 Scale Mail Armor
32:17 Squires
32:56 Conscription
32:58 Crenellations
32:29 Fletching
33:18 Crenellations
34:25 Siege Engineers
35:38 Chain Mail Armor
35:50 Fletching
35:59 Fletching
37:34 Plate Mail Armor
37:00 Bodkin Arrow
37:28 Ballistics
38:08 Chemistry
白鹿城拉车车
10:27 Feudal Age
14:05 Castle Age
12:29 Double-Bit Axe
12:44 Horse Collar
16:40 Bow Saw
24:19 Wheelbarrow
24:13 Heavy Plow
24:30 Loom
28:33 Imperial Age
26:37 Forging
26:27 Scale Mail Armor
26:22 Gold Mining
26:59 Hand Cart
26:30 Town Watch
27:58 Gold Shaft Mining
27:13 Stone Mining
28:08 Iron Casting
27:39 Scale Barding Armor
28:32 Redemption
29:21 Husbandry
29:32 Bloodlines
29:26 Detinets
29:47 Conscription
30:29 Blast Furnace
29:40 Town Patrol
29:28 Elite Boyar
31:38 Two-Man Saw
31:10 Chain Barding Armor
30:56 Capped Ram
33:14 Plate Barding Armor
32:02 Siege Ram
32:49 Fletching
34:20 Masonry
38:12 Town Patrol
38:56 Bodkin Arrow
40:03 Chemistry
41:02 Chain Mail Armor
41:11 Fortified Wall
41:05 Pikeman
41:46 Squires
fairoz05329
10:51 Feudal Age
14:57 Castle Age
13:21 Double-Bit Axe
16:08 Bow Saw
16:55 Wheelbarrow
16:42 Horse Collar
18:41 Heavy Plow
19:28 Loom
20:16 Gold Mining
21:38 Hand Cart
23:15 Forging
23:05 Scale Mail Armor
24:04 Stone Mining
23:50 Man-at-Arms
25:11 Iron Casting
24:52 Chain Mail Armor
24:46 Long Swordsman
26:18 Fletching
26:28 Padded Archer Armor
26:57 Scale Barding Armor
27:22 Bodkin Arrow
31:25 Imperial Age
29:50 Detinets
32:56 Gold Shaft Mining
31:54 Elite Boyar
33:11 Crop Rotation
32:19 Capped Ram
34:03 Conscription
35:15 Chain Barding Armor
34:25 Pikeman
37:11 Plate Mail Armor
37:42 Blast Furnace
37:13 Druzhina
37:32 Halberdier
42:13 Plate Barding Armor
43:08 Leather Archer Armor
NEO
10:51 Feudal Age
14:57 Castle Age
13:11 Horse Collar
14:47 Double-Bit Axe
17:19 Husbandry
19:01 Heavy Plow
20:42 Wheelbarrow
21:28 Bow Saw
21:58 Loom
22:53 Hand Cart
28:32 Imperial Age
25:45 Treadmill Crane
26:08 Gold Mining
26:15 Stone Mining
26:19 Guard Tower
26:41 Masonry
27:25 Pikeman
28:05 Squires
27:51 Gambesons
27:52 Arson
28:12 Scale Mail Armor
28:22 Forging
28:50 Ballistics
29:12 Svan Towers
29:01 Fletching
29:28 Chain Mail Armor
29:59 Keep
29:09 Arrowslits
29:31 Halberdier
31:01 Bodkin Arrow
31:43 Iron Casting
32:52 Bracer
33:24 Plate Mail Armor
35:05 Chemistry
34:11 Siege Engineers
35:34 Man-at-Arms
39:43 Onager
41:38 Fortified Wall
41:59 Architecture
42:51 Siege Onager
AI (HD Version)
11:13 Feudal Age
15:15 Castle Age
13:17 Horse Collar
14:06 Double-Bit Axe
15:31 Loom
16:16 Bow Saw
27:31 Crossbowman
33:05 Wheelbarrow
33:50 Fletching
36:44 Gold Mining
36:53 Pikeman
37:33 Squires
38:05 Thumb Ring
38:05 Scale Mail Armor
39:10 Forging
39:55 Bodkin Arrow
40:01 Padded Archer Armor
40:28 Hand Cart
41:20 Chain Mail Armor
42:39 Leather Archer Armor
poor guy
10:38 Feudal Age
14:44 Castle Age
13:13 Double-Bit Axe
13:44 Horse Collar
15:53 Bow Saw
18:25 Loom
24:19 Wheelbarrow
23:59 Gold Mining
25:40 Hand Cart
29:30 Imperial Age
28:00 Gold Shaft Mining
31:21 Chemistry
30:49 Conscription
29:58 Pikeman
30:42 Scale Mail Armor
30:53 Forging
31:00 Heavy Scorpion
31:24 Halberdier
33:46 Squires
34:04 Chain Mail Armor
34:24 Iron Casting
33:59 Ballistas
35:48 Siege Engineers
36:04 Ballistics
44:02 Blast Furnace
Connection lost

Rejoining the realm…

Still unreachable

The connection could not be restored.

Session expired

The server has moved on; the page needs a fresh start.